 Dungeon Crawl Stone Soup version 0.25.1-8-g42b30a86e7 (webtiles) character file.

Game seed: 2020937074319402803

904 Descartes the Frost Mage (level 8, -9/52 HPs)
             Began as a Barachi Ice Elementalist on Dec 16, 2020.
             Was a Follower of Cheibriados.
             Mangled by an ogre
             ... wielding a +0 giant club
              (23 damage)
             ... on level 6 of the Dungeon on Dec 17, 2020.
             The game lasted 00:16:28 (7080 turns).

Descartes the Frost Mage (Barachi Ice Elementalist) Turns: 7080, Time: 00:16:28

Health: -9/52      AC:  3    Str: 13    XL:     8   Next: 8%
Magic:  11/15      EV: 13    Int: 20    God:    Cheibriados [*.....]
Gold:   223        SH:  0    Dex: 16    Spells: 3/17 levels left

rFire    . . .     SeeInvis .   f - +0 short sword
rCold    . . .     Gourm    .   (no shield)
rNeg     . . .     Faith    .   a - +0 robe
rPois    .         Spirit   .   (no helmet)
rElec    .         Reflect  .   t - +0 cloak
rCorr    .         Harm     .   (no gloves)
MR       .....                  (no boots)
Stlth    ++........             (no amulet)
HPRegen  0.17/turn              (no ring)
MPRegen  0.14/turn              (no ring)

@: lethally poisoned (-9 -> -9), frozen ramparts, very slow
A: +LOS, swims, slowness 1, strong legs 1
a: Hop, Bend Time, Renounce Religion


You were on level 6 of the Dungeon.
You worshipped Cheibriados.
Cheibriados was aware of your devotion.
You were not hungry.

You visited 2 branches of the dungeon, and saw 7 of its levels.

You collected 223 gold pieces.

Inventory:

Hand Weapons
 f - a +0 short sword (weapon)
Missiles
 h - 242 stones (quivered)
 o - 44 arrows
 r - 6 poisoned darts
 w - 2 boomerangs
Armour
 a - a +0 robe (worn)
 t - a +0 cloak (worn)
Jewellery
 y - an uncursed ring of positive energy {unknown}
Scrolls
 b - 5 scrolls of remove curse {unknown}
 d - a scroll of teleportation {unknown}
 g - a scroll of noise {unknown}
 i - a scroll of enchant armour {unknown}
 j - 5 scrolls of identify {unknown}
 p - 2 scrolls of enchant weapon {unknown}
 s - a scroll of fog {unknown}
 u - a scroll of immolation {unknown}
 z - a scroll of amnesia {unknown}
 A - a scroll of magic mapping {unknown}
Potions
 e - 2 potions of cancellation
 k - a potion of lignification {unknown}
 l - 2 potions of stabbing {unknown}
 m - a potion of curing {unknown}
 n - a potion of might
 q - a potion of haste
 x - 2 potions of flight
Comestibles
 c - 10 rations
 v - 2 chunks of flesh


   Skills:
 - Level 2.1 Dodging
 - Level 1.7 Stealth
 - Level 5.0 Spellcasting
 + Level 2.3 Translocations
 - Level 10.0 Ice Magic


You had 3 spell levels left.
You knew the following spells:

 Your Spells              Type           Power        Failure   Level  Hunger
a - Freeze                Ice            ####         1%          1    None
b - Frozen Ramparts       Ice            #####.       1%          3    ##.....
c - Confusing Touch       Hex            #.......     34%         3    ##.....
d - Gell's Gravitas       Tloc           ##........   13%         3    ##.....
e - Petrify               Tmut/Erth      #.......     75%         4    ####...

Your spell library contained the following spells:

 Spells                   Type           Power        Failure   Level  Hunger
 Ozocubu's Armour         Chrm/Ice       ####....     4%          3    ##.....
 Hailstorm                Conj/Ice       ####....     14%         4    ####...
 Summon Ice Beast         Ice/Summ       ####....     14%         4    ####...
 Metabolic Englaciation   Hex/Ice        ####......   38%         5    #####..
 Yara's Violent Unravell  Hex/Tmut       #.........   97%         5    #####..


Dungeon Overview and Level Annotations

Branches:
Dungeon (6/15)             Temple (1/1) D:4

Altars:
Ashenzari
Cheibriados
Dithmenos
Elyvilon
Fedhas
Gozag
Makhleb
Nemelex Xobeh
Okawaru
Qazlal
Ru
Sif Muna
Trog
Uskayaw
Vehumet
Wu Jian
Xom
Yredelemnul
Zin
The Shining One


Innate Abilities, Weirdness & Mutations

You can be seen from farther away. (+LOS)
You can swim through water.
You cover ground slowly.
You can hop short distances.


Message History

The frozen ramparts melt away.
You feel sick. The ogre misses you.
You hit the ogre but do no damage.
The ogre is moderately wounded.
The ogre closely misses you.
Casting: Frozen Ramparts (safe; 1% risk of failure)
Confirm with . or Enter, or press ? or * to list all spells.
Aiming: Freeze (safe; 1% risk of failure)
Press: ? - help, Shift-Dir - straight line
Okay, then.
Casting: Freeze (safe; 1% risk of failure)
Confirm with . or Enter, or press ? or * to list all spells.
The walls around you are covered in ice.
The wall freezes the ogre.
The ogre hits you with a +0 giant club!!
* * * LOW HITPOINT WARNING * * *
You hit the ogre.
The ogre is heavily wounded.
You feel sick.
The wall freezes the ogre.
The ogre hits you with a +0 giant club!!
You die...

#.#.......# #.#.# ....
..........# #.#.## ....
#......#######....#
....
#...............$##...
#.###.####.......(.###
#..##.# #...........#
###.##.####......#....#
.................O.c..#
.....#.#######..@#>...#
.....#.# #####....#
...#.#.# #....#
.......# #c...#
.......# .......
.......# ........
.......# .........
...#.#.# ...........
...#.#.# ....#######


You could see an ogre and a centaur.

Vanquished Creatures
  An ice beast (D:4)
  An ogre (D:4)
  2 centaurs
  A bullfrog (D:6)
  2 howler monkeys (D:4)
  2 crimson imps
  A bullfrog zombie (D:5)
  A hound (D:4)
  An iguana (D:4)
  3 worker ants
  A howler monkey zombie (D:5)
  A worker ant zombie (D:5)
  6 adders
  3 oozes
  An adder skeleton (D:4)
  3 worms
  4 dart slugs
  3 leopard geckos
  6 orcs
  A giant cockroach (D:2)
  8 goblins
  9 hobgoblins
  7 jackals (D:4)
  15 kobolds
  5 quokkas
  A ball python (D:1)
  8 bats
  5 frilled lizards
  10 rats
112 creatures vanquished.

Notes
Turn   | Place    | Note
-------+----------+-------------------------------------------
     0 | D:1      | Descartes the Barachi Ice Elementalist began the quest for
                  | the Orb.
     0 | D:1      | Reached XP level 1. HP: 13/13 MP: 3/3
    82 | D:1      | Reached skill level 5 in Ice Magic
   162 | D:1      | Reached XP level 2. HP: 19/19 MP: 1/5
   826 | D:1      | Reached XP level 3. HP: 24/24 MP: 3/6
   902 | D:1      | Reached skill level 6 in Ice Magic
  1465 | D:2      | Found a sparkling altar of Nemelex Xobeh.
  1547 | D:2      | Reached XP level 4. HP: 23/30 MP: 3/7
  1858 | D:2      | Found a shimmering blue altar of Sif Muna.
  1944 | D:2      | Found a shadowy altar of Dithmenos.
  2205 | D:2      | Reached skill level 7 in Ice Magic
  2263 | D:2      | Learned a level 3 spell: Frozen Ramparts
  2267 | D:2      | Learned a level 3 spell: Confusing Touch
  2983 | D:3      | Reached XP level 5. HP: 35/35 MP: 4/8
  3147 | D:3      | Found a radiant altar of Vehumet.
  3454 | D:4      | Found a blossoming altar of Fedhas.
  3473 | D:4      | Reached skill level 8 in Ice Magic
  3919 | D:4      | Reached XP level 6. HP: 30/41 MP: 3/9
  4130 | D:4      | Reached skill level 9 in Ice Magic
  4244 | D:4      | Found a staircase to the Ecumenical Temple.
  4267 | Temple   | Entered the Ecumenical Temple
  4394 | Temple   | Became a worshipper of Cheibriados the Contemplative
  4708 | D:4      | Found an iron altar of Okawaru.
  4708 | D:4      | Found a burning altar of Makhleb.
  4713 | D:4      | Found a shattered altar of Ashenzari.
  4715 | D:4      | Found a glowing golden altar of the Shining One.
  4717 | D:4      | Found a shimmering altar of Xom.
  5212 | D:4      | Reached XP level 7. HP: 45/46 MP: 7/10
  5338 | D:5      | Entered Level 5 of the Dungeon
  5374 | D:5      | Learned a level 3 spell: Gell's Gravitas
  5936 | D:5      | Reached * piety under Cheibriados
  5936 | D:5      | Reached skill level 10 in Ice Magic
  6237 | D:4      | HP: 2/46 [ice beast (9)]
  6694 | D:5      | Found a bloodstained altar of Trog.
  6721 | D:5      | Found a glowing silver altar of Zin.
  6947 | D:6      | Learned a level 4 spell: Petrify
  6963 | D:6      | Reached skill level 5 in Spellcasting
  6973 | D:6      | Reached XP level 8. HP: 45/52 MP: 11/15
  7080 | D:6      | Mangled by an ogre

Illustrated notes

Levels and vault maps discovered:
D:1:      heliophobic_arrival_battle_scene, layout_basic
D:2:      layout_basic, lemuel_crystal_altar, nemelex_xobeh_ov_fountains_minmay,
          nicolae_dithmenos_shadow_blocks, serial_corexii_hall,
          corexii_hall_statues_x, corexii_hall_statues_t, minmay_tetromino_s4
D:3:      layout_basic, fiery_altar_vehumet, serial_glass, glass_columns_b,
          glass_columns_b
D:4:      layout_basic, chequers_temple_overflow_minitemple,
          minmay_temple_entry_slanted, lemuel_altar_in_water2
D:5:      layout_rooms, lightli_temple_of_fire, lemuel_doored_altar,
          first_ration
D:6:      layout_basic, lemuel_crystal_altar, serial_glass, glass_columns_a,
          glass_columns_a, glass_columns_a, grunt_ministairs_14
Temple:   nicolae_temple_figure_zero

Skill      XL: |  1  2  3  4  5  6  7 |
---------------+----------------------+-----
Ice Magic      | 5 6 7 8 9 10 | 10.0
Spellcasting   | 5 |  5.0
Translocations | 2 |  2.3
Dodging        | |  2.1
Stealth        | |  1.7

Action                   |  1- 3 |  4- 6 |  7- 9 || total
-------------------------+-------+-------+-------++-------
Melee: Unarmed           |     3 |       |       ||     3
       Short sword       |     3 |    14 |    58 ||    75
 Cast: Freeze            |    58 |    86 |    21 ||   165
       Frozen Ramparts   |       |     7 |    13 ||    20
 Abil: Hop               |     6 |       |     1 ||     7
  Use: Potion            |       |       |     7 ||     7
 Stab: Sleeping          |       |       |     1 ||     1
  Eat: Chunk             |     3 |    13 |     4 ||    20
       Ration            |       |       |     1 ||     1
Armor: Robe              |    21 |    14 |    19 ||    54
Dodge: Dodged            |    42 |    58 |    68 ||   168
